 Dungeon Crawl Stone Soup version 0.14-a0-1637-gd423c14 (webtiles) character file.

899 Mitsuki the Ducker (level 7, -3/62 HPs)
             Began as a Deep Dwarf Berserker on Dec 26, 2013.
             Was an Elder of Trog.
             Killed from afar by an oklob plant (8 damage)
             ... with a splash of acid
             ... on Level 5 of the Dungeon.
             The game lasted 00:16:55 (2869 turns).

Mitsuki the Ducker (Deep Dwarf Berserker)           Turns: 2869, Time: 00:16:56

HP  -3/62        AC  8     Str 22      XL: 7   Next: 40%
MP   7/7         EV  6     Int 11      God: Trog [****..]
Gold 190         SH 16     Dex 12      Spells:  0 memorised,  6 levels left

rFire  . . .     SeeInvis .     a - +0,+1 dwarf falchion
rCold  . . .     Clarity  .     i - +0 scale mail
rNeg   . . .     Conserve .     d - -2 shield
rPois  .         rCorr    .     y - -1 helmet {Int+3}
rElec  .         rRot     .     h - +0 cloak
SustAb . .       Spirit   .     (no gloves)
rMut   .         Warding  .     (no boots)
Saprov . . .     Stasis   .     (no amulet)
                                (no ring)
                                (no ring)

@: non-regenerating, somewhat resistant to hostile enchantments, extremely
unstealthy
A: damage resistance, recharge devices, sense surroundings 1, slow healing 3
a: Device Recharging, Burn Spellbooks, Berserk, Trog's Hand, Brothers in Arms,
Renounce Religion


You were on level 5 of the Dungeon.
You worshipped Trog.
Trog was greatly pleased with you.
You were near starving.

You visited 1 branch of the dungeon, and saw 5 of its levels.

You collected 190 gold pieces.

Inventory:

Hand weapons
 a - a +0,+1 dwarven falchion (weapon)
Armour
 d - a -2 shield (worn)
 h - a +0 cloak (worn)
 i - a +0 scale mail (worn)
 y - a -1 helmet of intelligence (worn)
Magical devices
 c - a wand of heal wounds (3)
 p - a wand of flame (11) {unknown}
 B - a wand of draining (4) {unknown}
Comestibles
 l - an apricot
 u - 2 chokos
 w - 2 bread rations
 x - 4 apples
 C - 7 grapes
Scrolls
 b - 3 scrolls of magic mapping
 e - 3 scrolls of teleportation
 j - 2 scrolls of fear
 n - 3 scrolls of identify
 o - 2 scrolls of blinking
 s - a scroll of immolation
Jewellery
 k - an uncursed ring of fire
 m - an uncursed ring of fire
Potions
 f - a potion of cure mutation
 g - a potion of porridge
 q - a potion of agility {unknown}
 r - a potion of invisibility {unknown}
 t - a potion of heal wounds
 v - a potion of berserk rage {unknown}
 z - a potion of mutation {unknown}
 A - 2 potions of flight {unknown}


   Skills:
 + Level 3.4 Fighting
 + Level 4.5 Long Blades
 + Level 5.3 Armour
 + Level 5.4 Dodging
 + Level 0.6 Stealth
 + Level 2.5 Shields


You had 6 spell levels left.
You didn't know any spells.

Dungeon Overview and Level Annotations

Branches:
Dungeon (5/16)
 Temple: D:4-7

Altars:
Ashenzari
Fedhas
Vehumet

Annotations:
D:5 exclusion: oklob plant


Innate Abilities, Weirdness & Mutations

You are resistant to damage.
You can recharge devices by infusing magical energy.
You passively map a small area around you.
You do not heal naturally.


Message History

The oklob plant is lightly damaged.
You hit the oklob plant.
The oklob plant is lightly damaged.
The oklob plant spits acid at you. The splash of acid misses you.
The splash of acid hits the fungus.
You hit the oklob plant.
The oklob plant is lightly damaged.
You hit the oklob plant but do no damage.
The oklob plant is lightly damaged.
You are near starving!
You hit the oklob plant.
The oklob plant is lightly damaged.
You hit the oklob plant but do no damage.
The oklob plant is lightly damaged.
You hit the oklob plant but do no damage.
The oklob plant is lightly damaged.
The oklob plant spits acid at you. The splash of acid hits you!
The acid burns!
* * * LOW HITPOINT WARNING * * *
You die...

.................................
....................#............
...................###...........
....................#............
###################..............
* , ,PPPPP#PPPP##..............
PPf♣PPPf.PPP#..............
#fP#,PPPfPPfPf.%P♣#.........<....
PPfP##P..PP#fPf%@.##.......<.<...
♣fP#.......fPPP..##..............
P.P..≈≈≈≈≈..♣#P.f.#..............
#...≈≈≈≈≈≈≈..PPPf.#..............
♣..≈≈≈≈≈≈≈≈≈.....##..............
P.≈≈≈≈≈≈≈≈≈≈≈.PPff#.#............
#.≈≈≈≈...≈≈≈≈.PPPf####...........
..≈≈≈≈._......PPPf#.#............
#.≈≈≈≈...≈≈≈≈.fP#f#..............


You could see an oklob plant.

Vanquished Creatures
  Eustachio (D:5)
  A centaur (D:5)
  A giant frog (D:4)
  2 crimson imps (D:5)
  2 big fish (D:5)
  An orc priest (D:4)
  2 orc wizards (D:4)
  Ijyb (D:3)
  A sky beast zombie (D:5)
  An ogre skeleton (D:5)
  3 adders
  4 worms
  3 giant geckos (D:2)
  3 oozes
  8 orcs (D:4)
  6 giant cockroaches
  14 hobgoblins
  7 jackals
  11 kobolds
  A quokka (D:5)
  2 ball pythons (D:5)
  8 bats
  5 giant newts
  A giant newt skeleton (D:4)
  14 goblins
  7 rats
  2 fungi (D:5)
  3 plants (D:5)
115 creatures vanquished.

Notes
Turn   | Place    | Note
--------------------------------------------------------------
     0 | D:1      | Mitsuki, the Deep Dwarf Berserker, began the quest for the Orb.
     0 | D:1      | Reached XP level 1. HP: 20/20 MP: 1/1
   202 | D:1      | Reached XP level 2. HP: 25/27 MP: 2/2
   440 | D:1      | Acquired Trog's second power
   602 | D:2      | Reached XP level 3. HP: 21/34 MP: 3/3
   978 | D:2      | Reached XP level 4. HP: 42/42 MP: 4/4
  1310 | D:2      | Found a shattered altar of Ashenzari.
  1311 | D:2      | Found a radiant altar of Vehumet.
  1380 | D:3      | Noticed Ijyb
  1389 | D:3      | Killed Ijyb
  1853 | D:4      | Reached XP level 5. HP: 28/49 MP: 5/5
  1952 | D:4      | Reached skill level 4 in Long Blades
  2076 | D:4      | Noticed a giant frog
  2087 | D:4      | Killed a giant frog
  2087 | D:4      | Reached XP level 6. HP: 21/56 MP: 6/6
  2101 | D:4      | Acquired Trog's third power
  2265 | D:5      | Entered Level 5 of the Dungeon
  2347 | D:5      | Noticed Eustachio
  2394 | D:5      | Killed Eustachio
  2394 | D:5      | Reached skill level 1 in Shields
  2459 | D:5      | Reached skill level 5 in Dodging
  2459 | D:5      | Reached XP level 7. HP: 38/62 MP: 7/7
  2476 | D:5      | Reached skill level 5 in Armour
  2702 | D:5      | Found a blossoming altar of Fedhas.
  2746 | D:5      | Noticed an oklob plant
  2869 | D:5      | Killed from afar by an oklob plant

Action                   |  1- 3 |  4- 6 |  7- 9 || total
-------------------------+-------+-------+-------++-------
Melee: Falchion          |   144 |   220 |   159 ||   523
Invok: Berserk           |     1 |     3 |       ||     4
       Trog's Hand       |       |     5 |     1 ||     6
       Burn Spellbooks   |       |     1 |       ||     1
Evoke: Wand              |       |    12 |       ||    12
  Use: Scroll            |     6 |     6 |       ||    12
       Potion            |     3 |       |       ||     3
